 Dungeon Crawl Stone Soup version 0.28-a0-724-g66f9036eb4 (webtiles) character file.

Game seed: 10433231748583127958

7 meatgazer the Skirmisher (level 1, 0/18 HPs)
             Began as a Demonspawn Abyssal Knight on Oct 26, 2021.
             Was a Follower of Lugonu.
             Constricted to death by a starspawn tentacle (2 damage)
             ... attached to a tentacled starspawn
             ... on level 2 of the Abyss.
             The game lasted 00:00:17 (113 turns).

meatgazer the Skirmisher (Demonspawn Abyssal Knight) Turns: 113, Time: 00:00:18

Health: 0/18       AC:  3    Str: 13    XL:     1   Next: 83%
Magic:  2/2        EV:  8    Int: 11    God:    Lugonu [*.....]
Gold:   0          SH:  0    Dex: 13    Spells: 0/0 levels left

rFire   . . .      SeeInvis .   a - +1 spear
rCold   . . .      Faith    .   (no shield)
rNeg    . . .      Spirit   .   b - +0 leather armour
rPois   .          Reflect  .   (no helmet)
rElec   .          Harm     .   (no cloak)
rCorr   .          Rampage  .   (no gloves)
Will    .....                   (no boots)
Stlth   +.........              (no amulet)
HPRegen 0.06/turn               (no ring)
MPRegen 0.08/turn               (no ring)

@: mighty, constricted
A: no striking features
a: Renounce Religion, Depart the Abyss


You were on level 2 of the Abyss.
You worshipped Lugonu.
Lugonu was aware of your devotion.
You visited 0 branches of the dungeon, and saw 0 of its levels.
You visited the Abyss 1 time.

Inventory:

Hand Weapons
 a - a +1 spear (weapon)
Armour
 b - a +0 leather armour (worn)


   Skills:
 + Level 3.2 Fighting
 + Level 1.9 Polearms
 + Level 1.8 Armour
 + Level 0.8 Dodging
 + Level 2.5 Invocations


You couldn't memorise any spells.
You didn't know any spells.
Your spell library was empty.

Dungeon Overview and Level Annotations

Branches:
Dungeon (0/15)

Altars:


Message History

Press ? for a list of commands and other information.
Found a corrupted altar of Lugonu.
Found 9 stones.
Found a whip.
You see here 9 stones.
c - a cyan potion
Found a gateway leading out of the Abyss.
It was a potion of might.
You feel very mighty all of a sudden.
Found a gateway leading deeper into the Abyss.
There is a gateway leading deeper into the Abyss here.
You plunge deeper into the Abyss.
Found a chain mail.
A white imp and a tentacled starspawn come into view.
The white imp shouts, "Begone, thou qualling weather-bitten pignut!"
Tentacles burst from the starspawn's body! 2 starspawn tentacles come into view.
The white imp hits you. The white imp freezes you.
The starspawn tentacle barely misses you.
You puncture the starspawn tentacle!
The starspawn tentacle is heavily damaged.
The white imp gestures at you. The puff of frost hits you!
Ouch! That really hurt!
* * * LOW HITPOINT WARNING * * *
The starspawn tentacle grabs you. The starspawn tentacle constricts you.
* * * LOW HITPOINT WARNING * * *
Unknown command.
You are too injured to fight recklessly!
You are too injured to fight recklessly!
Unknown command.
You puncture the starspawn tentacle!
You destroy the starspawn tentacle!
The white imp hits you but does no damage.
You puncture the white imp!
You kill the white imp!
Tentacles burst from the starspawn's body! 2 starspawn tentacles come into view.
The starspawn tentacle grabs you. The starspawn tentacle constricts you.
You die...

.≈≈≈≈.≈ #. .≈≈≈≈≈≈
.. # ≈≈≈≈≈≈≈ #. .##
.#.≈≈≈≈♣#≈. ...
...≈≈≈≈≈≈≈##.#..
#...≈≈≈≈#≈≈...#
#.≈≈≈≈≈≈#──##X# .#
♣@w≈≈──# ####
.....≈.#..≈..#
......
......##.#####
..... .##
..##.##.#..#.#
....# .#.
#........#.##..#.#.
.. #.
##.#...#..##.# ..#
.# #.
.#......#....# ..
#...#..# .......#.
#.#....#..## .....


You could see a tentacled starspawn and a starspawn tentacle.

Vanquished Creatures
  A white imp (Abyss:2)
  A starspawn tentacle (Abyss:2)
2 creatures vanquished.

Vanquished Creatures (others)
  2 starspawn tentacles (Abyss:2)
2 creatures vanquished.

Grand Total: 4 creatures vanquished

Notes
Turn   | Place    | Note
-------+----------+-------------------------------------------
     0 | Abyss:1  | meatgazer the Demonspawn Abyssal Knight began the quest for
                  | the Orb.
     0 | Abyss:1  | Reached XP level 1. HP: 18/18 MP: 2/2
   107 | Abyss:2  | Noticed a tentacled starspawn
   113 | Abyss:2  | Constricted to death by a starspawn tentacle

Illustrated notes

Levels and vault maps discovered:
Abyss:2:  base: Temple, evilmike_abyss_exit_plants

Action                   || total
-------------------------++-------
Melee: Spear             ||     3
  Use: Potion            ||     1
Armor: Leather armour    ||     1
Dodge: Dodged            ||     1

Table legend: (Time is in decaauts)
 A = Elapsed time spent in this place.
 B = Non-inter-level travel time spent in this place.
 C = Inter-level travel time spent in this place.
 D = Time resting spent in this place.
 E = Time spent auto-exploring this place.
 F = Levels seen in this place.
 G = Mean time per level.
                   A        B        C        D        E       F      G
               +--------+--------+--------+--------+--------+-----+--------+
         Total |    112 |    112 |      0 |      0 |     94 |   2 |   56.0 |
         Abyss |    112 |    112 |      0 |      0 |     94 |   2 |   56.0 |
               +--------+--------+--------+--------+--------+-----+--------+

Top non-repeatable levels by time:
 Abyss:1: 86 daAuts
 Abyss:2: 26 daAuts
